 Dungeon Crawl Stone Soup version 0.19.1 (console) character file.

10488 Morrissey the Spear-Bearer (level 11, -3/86 HPs)
             Began as a Demonspawn Berserker on Dec 24, 2016.
             Was a High Priest of Trog.
             Slain by a seven-headed hydra (11 damage)
             ... on level 1 of the Lair of Beasts.
             The game lasted 00:18:00 (7943 turns).

Morrissey the Spear-Bearer (Demonspawn Berserker)   Turns: 7943, Time: 00:18:00

Health: -3/86      AC: 20    Str: 28    XL:     11   Next: 36%
Magic:  11/11      EV: 12    Int:  8    God:    Trog [*****.]
Gold:   821        SH:  0    Dex: 13    Spells: 0 memorised, 10 levels left

rFire  . . .     SeeInvis +     b - +10 dagger of Pafis {elec, rElec rN+}
rCold  . . .     Gourm    .     L - +0 ring mail
rNeg   + + +     Faith    .     (no shield)
rPois  .         Spirit   .     K - +1 helmet
rElec  +         Reflect  .     X - +0 cloak of Hide-and-Seek {rN+ rCorr Stlth+} (curse)
rCorr  +         Harm     .     Y - +0 pair of gloves
MR     ++...                    G - +0 pair of boots
Stlth  ++........               x - amulet of regeneration
                                s - ring of positive energy
                                t - ring of see invisible

@: mighty, sanguine armour, regenerating, slowed, very slow
A: claws 2, talons 1, powered by pain 1, spiny 2, strong 1, wild magic 1,
sanguine armour 2
a: Berserk, Trog's Hand, Brothers in Arms, Burn Spellbooks, Renounce Religion


You were on level 1 of the Lair of Beasts.
You worshipped Trog.
Trog was extremely pleased with you.
You were not hungry.

You visited 2 branches of the dungeon, and saw 12 of its levels.

You collected 821 gold pieces.

Inventory:

Hand Weapons
 a - a +0 trident
 b - the +10 dagger of Pafis (weapon) {elec, rElec rN+}
   (You found it on level 5 of the Dungeon)

   Occasionally, upon striking a foe, it will discharge some electrical energy
   and cause terrible harm.
   It insulates you from electricity.
   It protects you from negative energy.
 z - the +7 long sword of the Reaper {flame, *Noise rC++ Str+4 Dex+3}
   (You found it on level 4 of the Dungeon)

   It has been specially enchanted to burn those struck by it, causing extra
   injury to most foes and up to half again as much damage against particularly
   susceptible opponents.
   Big, fiery blades are also staple armaments of hydra-hunters.
   It affects your strength (+4).
   It affects your dexterity (+3).
   It greatly protects you from cold.
   It may make noises in combat.
 E - a +0 spear
 Q - a +3 glaive of protection
Armour
 G - a +0 pair of boots (worn)
 K - a +1 helmet (worn)
 L - a +0 ring mail (worn)
 X - the cursed +0 cloak of Hide-and-Seek (worn) {rN+ rCorr Stlth+}
   (You found it on level 9 of the Dungeon)

   It protects you from negative energy.
   It protects you from acid and corrosion.
   It makes you more stealthy.
   It has a curse placed upon it.
 Y - a +0 pair of gloves (worn)
Jewellery
 s - a ring of positive energy (right hand)
 t - a ring of see invisible (left hand)
 x - an amulet of regeneration (around neck)
 y - an uncursed ring of ice {unknown}
 J - an uncursed ring of fire {unknown}
Wands
 C - a wand of polymorph (14/24)
 H - a wand of enslavement (15/24)
 M - a wand of lightning (0/15)
 N - a wand of iceblast (4/15)
 R - a wand of hasting (3/9)
 U - a wand of disintegration (11/24)
Scrolls
 e - 2 scrolls of random uselessness {unknown}
 i - 2 scrolls of enchant armour {unknown}
 j - 4 scrolls of teleportation {unknown}
 k - 6 scrolls of identify {unknown}
 m - 8 scrolls of remove curse
 o - 2 scrolls of enchant weapon {unknown}
 p - 3 scrolls of fear {unknown}
 A - 2 scrolls of amnesia {unknown}
 B - 4 scrolls of magic mapping {unknown}
 D - a scroll of recharging {unknown}
 F - a scroll of fog {unknown}
 O - a scroll of vulnerability {unknown}
 V - a scroll of noise {unknown}
 W - a scroll of immolation {unknown}
Potions
 f - 2 potions of mutation
 g - 5 potions of agility
 l - 2 potions of cancellation {unknown}
 n - 2 potions of degeneration {unknown}
 r - 3 potions of lignification {unknown}
 v - a potion of cure mutation {unknown}
 w - 4 potions of curing
 I - a potion of berserk rage {unknown}
 P - a potion of resistance {unknown}
 T - 2 potions of heal wounds
Comestibles
 c - 4 bread rations
 d - 2 beef jerkies
 h - 11 royal jellies
 q - 2 slices of pizza
 u - 3 meat rations
 S - 6 fruits
 Z - 4 chunks of flesh


   Skills:
 - Level 8.0 Fighting
 - Level 14.3 Polearms
 * Level 2.8 Armour
 * Level 2.9 Dodging


You had 10 spell levels left.
You didn't know any spells.

Dungeon Overview and Level Annotations

Branches:
Dungeon (11/15)            Temple (0/1) D:4            Lair (1/6) D:8
    Orc: D:9-12

Altars:
Dithmenos
Elyvilon
Fedhas
Gozag
Hepliaklqana
Nemelex Xobeh
Okawaru
Ru
Vehumet
Xom
The Shining One

Shops:
D:9 %

Annotations:
Lair:1 Gastronok


Innate Abilities, Weirdness & Mutations

You have very sharp fingernails.
You sometimes gain a little power by taking damage.
You are mostly covered in sharp spines.
When seriously injured, your bleeding wounds create thick armour. (AC +9)
You have sharp toenails.
Your muscles are strong. (Str +2)
Your spells are a little harder to cast, but a little more powerful.


Message History

The seven-headed hydra bites you!
* * * LOW HITPOINT WARNING * * *
The seven-headed hydra bites you!
* * * LOW HITPOINT WARNING * * *
You focus on the pain.
You feel mightier all of a sudden. The seven-headed hydra bites you.
* * * LOW HITPOINT WARNING * * *
You puncture the seven-headed hydra!
The seven-headed hydra is almost dead.
The seven-headed hydra is struck by your spines.
The seven-headed hydra bites you.
* * * LOW HITPOINT WARNING * * *
The seven-headed hydra bites you.
* * * LOW HITPOINT WARNING * * *
The seven-headed hydra bites you but does no damage.
The seven-headed hydra bites you!
* * * LOW HITPOINT WARNING * * *
The seven-headed hydra bites you!
You die...

.....# ......##
##.... ......###
......# ##....
........#
#....#######...#
.....w..##
#.....##....#
.........##
##...........#
..........#
#............###
...#.....##
#....##........##
###....##
##D.####.^†.......
##....###@.#.#
#...###...>
##....#...###
#..## #....
##.......# #..##
##... ##......#
#...# #...
##...####....
##... #..## #...##
#...# .... ....
#..## ...... ...
#..## .......
#...#


You could see a seven-headed hydra.

Vanquished Creatures
  Erica (D:10)
  A hydra (Lair:1)
  Sonja (D:10)
  A hill giant (D:7)
  A guardian serpent (D:9)
  A spiny frog (Lair:1)
  2 komodo dragons (Lair:1)
  Prince Ribbit (D:7)
  2 hippogriffs (D:8)
  Sigmund (D:6)
  A basilisk (Lair:1)
  6 yaks
  A hungry ghost (D:9)
  A water moccasin (D:9)
  3 sky beasts
  6 porcupines (Lair:1)
  The ghost of smzp the Scratcher, an amateur FeTm (D:3)
  A black bear (Lair:1)
  6 orc warriors
  An ice beast (D:5)
  A necrophage (D:5)
  5 ogres
  A wolf (Lair:1)
  A phantom (D:9)
  2 centaurs
  2 crocodiles
  A gnoll sergeant (D:9)
  6 bullfrogs
  A scorpion (D:5)
  8 crimson imps
  2 bullfrog zombies
  4 orc priests
  3 bullfrog skeletons
  A gnoll shaman (D:9)
  4 hounds
  13 orc wizards
  Crazy Yiuf (D:5)
  6 worker ants
  Terence (D:2)
  3 iguanas
  Robin (D:4)
  7 adders
  11 gnolls
  2 shadow imps
  2 oozes
  3 worms
  3 dart slugs
  4 leopard geckos
  25 orcs
  9 bats
  3 giant cockroaches
  6 hobgoblins
  11 jackals
  4 quokkas
  3 frilled lizards
  18 goblins
  7 kobolds
  A leopard gecko skeleton (D:4)
  19 rats
  2 fungi
246 creatures vanquished.

Vanquished Creatures (collateral kills)
  A hornet (D:8)
  2 soldier ants (D:8)
  A worker ant (D:8)
4 creatures vanquished.

Vanquished Creatures (others)
  2 fungi (Lair:1)
  A plant (Lair:1)
3 creatures vanquished.

Grand Total: 253 creatures vanquished

Notes
Turn   | Place    | Note
-------+----------+-------------------------------------------
     0 | D:1      | Morrissey the Demonspawn Berserker began the quest for the Orb.
     0 | D:1      | Reached XP level 1. HP: 18/18 MP: 1/1
    82 | D:1      | Reached skill level 3 in Polearms
    91 | D:1      | Gained mutation: You sometimes gain a little power by taking damage. [demonic ancestry]
    91 | D:1      | Reached XP level 2. HP: 12/24 MP: 2/2
   262 | D:1      | Reached ** piety under Trog
   411 | D:1      | Gained mutation: When seriously injured, your bleeding wounds create armour. (AC +9) [demonic ancestry]
   411 | D:1      | Reached XP level 3. HP: 19/29 MP: 3/3
   666 | D:2      | Noticed Terence
   684 | D:2      | Killed Terence
   762 | D:2      | Reached skill level 4 in Polearms
   762 | D:2      | Gained mutation: You have sharp fingernails. [demonic ancestry]
   762 | D:2      | Reached XP level 4. HP: 18/37 MP: 4/4
   971 | D:2      | Found a sparkling altar of Nemelex Xobeh.
  1128 | D:2      | Reached XP level 5. HP: 29/42 MP: 5/5
  1157 | D:3      | Noticed smzp's ghost (amateur FeTm)
  1311 | D:3      | Found a shimmering altar of Xom.
  1478 | D:3      | Reached skill level 5 in Polearms
  1627 | D:3      | Killed smzp's ghost
  1627 | D:3      | Reached *** piety under Trog
  1627 | D:3      | Reached XP level 6. HP: 39/49 MP: 6/6
  1696 | D:3      | Found a glowing golden altar of the Shining One.
  1832 | D:4      | Noticed an orc warrior
  1847 | D:4      | Killed an orc warrior
  1847 | D:4      | Reached skill level 5 in Fighting
  1852 | D:4      | Reached skill level 6 in Polearms
  1893 | D:4      | Identified the Guide on Flames and Snow
  1976 | D:4      | Noticed Robin
  2041 | D:4      | Killed Robin
  2099 | D:4      | Gained mutation: When seriously injured, your bleeding wounds create thick armour. (AC +9) [demonic ancestry]
  2099 | D:4      | Reached XP level 7. HP: 32/56 MP: 7/7
  2230 | D:4      | Got a transparent long sword
  2231 | D:4      | Identified the +7 long sword of the Reaper {flame, *Noise rC++ Str+4 Dex+3} (You found it on level 4 of the Dungeon)
  2443 | D:4      | Found a staircase to the Ecumenical Temple.
  2569 | D:4      | Found an iron altar of Okawaru.
  2868 | D:4      | Reached skill level 7 in Polearms
  3009 | D:5      | Entered Level 5 of the Dungeon
  3018 | D:5      | Reached **** piety under Trog
  3023 | D:5      | Gained mutation: You are partially covered in sharp spines. [demonic ancestry]
  3023 | D:5      | Reached XP level 8. HP: 63/64 MP: 8/8
  3095 | D:5      | Reached skill level 8 in Polearms
  3170 | D:5      | Found a runed door.
  3218 | D:5      | Noticed Crazy Yiuf
  3222 | D:5      | Killed Crazy Yiuf
  3416 | D:5      | Got a pitted dagger
  3417 | D:5      | Identified the +10 dagger of Pafis {elec, rElec rN+} (You found it on level 5 of the Dungeon)
  3674 | D:6      | Found a sacrificial altar of Ru.
  3827 | D:6      | Found an opulent altar of Gozag.
  3831 | D:6      | Found a white marble altar of Elyvilon.
  3832 | D:6      | Found a hazy altar of Hepliaklqana.
  3832 | D:6      | Found a shadowy altar of Dithmenos.
  3927 | D:6      | Noticed Sigmund
  3934 | D:6      | Killed Sigmund
  3934 | D:6      | Reached skill level 9 in Polearms
  4179 | D:7      | Noticed Prince Ribbit
  4186 | D:7      | Killed Prince Ribbit
  4186 | D:7      | Gained mutation: You have very sharp fingernails. [demonic ancestry]
  4186 | D:7      | Reached XP level 9. HP: 50/71 MP: 9/9
  4277 | D:7      | Noticed a hill giant
  4282 | D:7      | Killed a hill giant
  4303 | D:7      | Found a blossoming altar of Fedhas.
  4326 | D:7      | Found a sacrificial altar of Ru.
  4333 | D:7      | Found a radiant altar of Vehumet.
  4397 | D:7      | Reached skill level 10 in Polearms
  4750 | D:8      | Reached ***** piety under Trog
  4857 | D:8      | Reached skill level 11 in Polearms
  5237 | D:8      | Paralysed by a hornet for 3 turns
  5243 | D:8      | Gained mutation: Your muscles are strong. (Str +2) [potion of mutation]
  5243 | D:8      | Gained mutation: Your spells are a little harder to cast, but a little more powerful. [potion of mutation]
  5243 | D:8      | Gained mutation: You have sharp toenails. [potion of mutation]
  5255 | D:8      | Reached XP level 10. HP: 50/80 MP: 10/10
  5404 | D:8      | Found a staircase to the Lair.
  5715 | D:9      | Reached skill level 12 in Polearms
  5736 | D:9      | Noticed a guardian serpent
  5742 | D:9      | Killed a guardian serpent
  6021 | D:9      | Found Sisuy's Food Shoppe.
  6276 | D:9      | Reached skill level 13 in Polearms
  6342 | D:9      | Got a steaming cloak
  6353 | D:9      | Identified the cursed +0 cloak of Hide-and-Seek {rN+ rCorr Stlth+} (You found it on level 9 of the Dungeon)
  6428 | D:10     | Entered Level 10 of the Dungeon
  6530 | D:10     | Noticed Sonja
  6590 | D:10     | Killed Sonja
  6826 | D:10     | Noticed Erica
  6845 | D:10     | Killed Erica
  6845 | D:10     | Received a gift from Trog
  6845 | D:10     | Gained mutation: You are mostly covered in sharp spines. [demonic ancestry]
  6845 | D:10     | Reached XP level 11. HP: 23/86 MP: 11/11
  7081 | D:10     | Found a sparkling altar of Nemelex Xobeh.
  7154 | D:11     | Noticed a death knight
  7242 | Lair:1   | Entered Level 1 of the Lair of Beasts
  7523 | Lair:1   | Reached skill level 14 in Polearms
  7881 | Lair:1   | Noticed a five-headed hydra
  7887 | Lair:1   | Killed a five-headed hydra
  7930 | Lair:1   | Noticed Gastronok
  7938 | Lair:1   | Noticed a seven-headed hydra
  7943 | Lair:1   | Slain by a seven-headed hydra

Skill      XL: |  1  2  3  4  5  6  7  8  9 10 11 |
---------------+----------------------------------+-----
Polearms       | 3 4 5 6 7 9 11 13 14 | 14.3
Fighting       | 4 5 6 7 8 |  8.0
Armour         | 2 |  2.8
Dodging        | 2 |  2.9

Action                   |  1- 3 |  4- 6 |  7- 9 | 10-12 || total
-------------------------+-------+-------+-------+-------++-------
Melee: Spear             |   136 |   246 |    57 |       ||   439
       Long sword        |       |       |    53 |       ||    53
       Dagger            |       |       |   134 |   234 ||   368
Invok: Berserk           |     1 |     3 |       |     3 ||     7
       Burn Spellbooks   |       |     2 |       |       ||     2
       Trog's Hand       |       |     1 |     1 |     4 ||     6
       Brothers in Arms  |       |       |     1 |       ||     1
Evoke: Wand              |       |       |     4 |     3 ||     7
  Use: Potion            |       |       |     3 |       ||     3
       Scroll            |       |       |     1 |       ||     1
 Stab: Sleeping          |     1 |       |       |     2 ||     3
  Eat: Chunk             |       |     8 |    10 |    11 ||    29
       Meat ration       |       |       |       |     1 ||     1
Armor: Animal skin       |    17 |    15 |       |       ||    32
       Leather armour    |       |    30 |    47 |       ||    77
       Ring mail         |       |       |    20 |    70 ||    90
Dodge: Dodged            |    58 |    89 |   116 |   109 ||   372
       Rpst.: Long sword |       |       |    12 |       ||    12
